 Dungeon Crawl Stone Soup version 0.18-a0-1789-gbeff17f (webtiles) character file.

290437 epen the Envoy of Void (level 20, -13/178 HPs)
             Began as a Black Draconian Abyssal Knight on Apr 19, 2016.
             Was a High Priest of Lugonu.
             Killed from afar by a hell hog (22 damage)
             ... with a fireball
             ... on level 2 of the Abyss on Apr 21, 2016.
             The game lasted 07:12:45 (72403 turns).

epen the Envoy of Void (DrAK)                      Turns: 72403, Time: 07:12:46

Health: -13/178    AC: 22    Str: 13    XL:     20   Next: 28%
Magic:  26/32      EV: 27    Int: 28    God:    Lugonu [*****.]
Gold:   1771       SH: 11    Dex: 21    Spells: 9 memorised, 3 levels left

rFire  . . .     SeeInvis +     N - +4 quick blade (distort)
rCold  + + .     Gourm    .     (armour unavailable)
rNeg   . . .     Faith    .     k - +1 buckler "Mianem" {rPois Int+7}
rPois  +         Spirit   .     (helmet restricted)
rElec  +         Dismiss  .     h - +1 cloak
rCorr  .         Reflect  +     r - +2 pair of gloves "Foaherphu" {+Fly Int+4 Stlth-}
SustAt .         Harm     .     a - +2 pair of boots
MR     +....     Clarity  +     H - +4 amulet of reflection
Stlth  +.........               D - +4 ring of protection
                                S - ring of Nanojups {Wiz rC++ Int+4 SInv}

@: about to teleport, flying, very slightly contaminated, regenerating, studying
Translocations, deflect missiles, somewhat resistant to hostile enchantments,
very unstealthy
A: breathe lightning, unfitting armour, big wings, hooves 1, horns 1, agile 1,
clarity, sense surroundings 1, poison resistance, regeneration 1, electricity
resistance, weak 1, cold-blooded, AC +10
a: Breathe Lightning, Stop Flying, Depart the Abyss, Bend Space, Banish,
Corrupt, Enter the Abyss, Renounce Religion
}: 1/15 runes: barnacled


You were on level 2 of the Abyss.
You worshipped Lugonu.
Lugonu was extremely pleased with you.
You were not hungry.

You visited 7 branches of the dungeon, and saw 38 of its levels.
You visited the Abyss 5 times.
You also visited: Labyrinth, Trove, Ice Cave and Volcano.

You collected 4266 gold pieces.
You spent 2495 gold pieces at shops.

Inventory:

Hand Weapons
 N - a +4 quick blade of distortion (weapon)
Missiles
 Y - 15 throwing nets (quivered)
Armour
 a - a +2 pair of boots (worn)
 h - a +1 cloak (worn)
 k - the +1 buckler "Mianem" (worn) {rPois Int+7}
   (You acquired it on level 1 of the Elven Halls)

   It affects your intelligence (+7).
   It protects you from poison.
 r - the +2 pair of gloves "Foaherphu" (worn) {+Fly Int+4 Stlth-}
   (You bought it in a shop on level 3 of the Shoals)

   It affects your intelligence (+4).
   It lets you fly.
   It makes you less stealthy.
Rods
 j - a +2 rod of shadows (10/10)
   (You found it in a treasure trove)
Jewellery
 l - an uncursed ring of protection from fire
 D - a +4 ring of protection (right hand)
 H - a +4 amulet of reflection (around neck)
 S - the ring of Nanojups (left hand) {Wiz rC++ Int+4 SInv}
   (You took it off a deep elf mage on level 3 of the Elven Halls)

   [ring of wizardry]

   It improves your spell success rate.
   It affects your intelligence (+4).
   It greatly protects you from cold.
   It lets you see invisible.
Wands
 v - a wand of digging (13/24)
 J - a wand of teleportation (3/9)
 M - a wand of hasting (2/9)
Scrolls
 c - 14 scrolls of remove curse
 e - 2 scrolls of blinking
 g - 2 scrolls of vulnerability
 i - 13 scrolls of recharging
 u - a scroll of amnesia
 z - a scroll of identify
 B - 4 scrolls of fear
 K - 7 scrolls of fog
 P - 5 scrolls of magic mapping
 X - 6 scrolls of enchant armour
Potions
 f - 6 potions of brilliance
 m - 23 potions of curing
 q - a potion of agility
 s - a potion of berserk rage
 G - 6 potions of ambrosia
 O - a potion of cancellation
 R - a potion of resistance
 T - 4 potions of magic
 W - a potion of might
Books
 d - Mosoirog's Incunabulum of Frigorific Intoxication
   (You found it on level 3 of the Elven Halls)

   Spells                             Type                      Level
   a - Sting                          Conjuration/Poison           1
   b - Ice Form                       Ice/Transmutation            4
   c - Olgreb's Toxic Radiance        Poison                       4
   d - Alistair's Intoxication        Transmutation/Poison         5
   e - Poisonous Cloud                Conjuration/Poison/Air       6
 x - a book of the Sky

   Spells                             Type                      Level
   a - Summon Lightning Spire         Summoning/Air                4
   b - Airstrike                      Air                          4
   c - Silence                        Hexes/Air                    5
   d - Deflect Missiles               Charms/Air                   6
   e - Conjure Ball Lightning         Conjuration/Air              6
   f - Tornado                        Air                          9
 V - a manual of Translocations
Miscellaneous
 n - a fan of gales
 p - a box of beasts
 t - a lamp of fire
 w - a box of beasts
 Q - a sack of spiders
 Z - a phial of floods
Comestibles
 b - 23 bread rations
 o - 18 fruits
 A - 5 meat rations


   Skills:
 + Level 15.1 Fighting
   Level 16.1 Long Blades
 + Level 15.3 Dodging
 - Level 3.3 Shields
 * Level 8.1 Spellcasting
 * Level 2.9 Conjurations
 - Level 11.2 Charms
 + Level 10.0 Translocations
 - Level 11.8 Air Magic
 - Level 16.2 Invocations
 * Level 6.8 Evocations


You had 3 spell levels left.
You knew the following spells:

 Your Spells              Type           Power        Failure   Level  Hunger
a - Regeneration          Chrm/Necr      #####.....   1%          3    None
b - Blink                 Tloc           N/A          1%          2    None
c - Apportation           Tloc           ######....   1%          1    None
d - Passage of Golubria   Tloc           N/A          1%          4    ##.....
e - Conjure Ball Lightni  Conj/Air       ######....   21%         6    ######.
f - Deflect Missiles      Chrm/Air       ######....   4%          6    ######.
g - Spectral Weapon       Hex/Chrm       #####...     1%          3    None
h - Haste                 Chrm           ######..     4%          6    ######.
i - Summon Butterflies    Summ           ##......     2%          1    None


Dungeon Overview and Level Annotations

Branches:
Dungeon (15/15)            Temple (0/1) D:5            Lair (8/8) D:11
 Shoals (4/4) Lair:4        Snake (4/4) Lair:5        Slime (0/6) Lair:6
    Orc (2/2) D:10            Elf (3/3) Orc:2        Vaults (2/5) D:13
  Crypt (0/3) Vaults:2     Depths (0/5) D:15

Altars:
Dithmenos
Elyvilon
Kikubaaqudgha
Nemelex Xobeh
Okawaru
Pakellas
Qazlal
Ru
Sif Muna
Trog
Vehumet
Xom
Yredelemnul
Zin
The Shining One
Beogh
Jiyva

Shops:
D:11 *%![   Orc:2 :}![   Elf:3 }   Shoals:3 [*:[   Snake:3 [

Annotations:
D:13 corrupted
Lair:1 exclusion: oklob plant
Lair:3 corrupted
Lair:5 corrupted
Lair:7 corrupted
Lair:8 corrupted
Shoals:4 Ilsuiw
Snake:1 corrupted
Snake:2 Vashnia
Elf:1 corrupted
Elf:2 corrupted
Elf:3 corrupted
Abyss:1 Asterion, Erica, Jorgrun, Joseph, Maud, Nergalle, Psyche, Sonja


Innate Abilities, Weirdness & Mutations

You can breathe wild blasts of lightning.
Your glossy black scales are hard (AC +10).
Your body does not fit into most forms of armour.
Your large and strong wings let you fly indefinitely.
You are resistant to electric shocks.
You are cold-blooded and may be slowed by cold attacks.
You have large cloven feet.
You have a pair of small horns on your head.
You are agile. (Dex +2)
You possess an exceptional clarity of mind.
You passively map a small area around you.
Your system is resistant to poisons.
Your natural rate of healing is unusually fast.
You are weak. (Str -2)


Message History

You feel the power of the Abyss delaying your translocation!
This wand has 3 charges left.
The hell hog breathes fire at you.
The fireball explodes!
The fireball engulfs you!
* * * LOW HITPOINT WARNING * * *
A large abomination comes into view.
You block the hell hog's attack. The hell hog breathes fire at you.
The fireball explodes!
The fireball engulfs you!
* * * LOW HITPOINT WARNING * * *
The fireball engulfs the hell hog.
The hell hog resists.
The hell hog closely misses you.
Read which item? (? for menu, Esc to quit)
Blink to where?
Press: ? - help, Dir - move target cursor You are very lightly contaminated with residual magic.
As you read the scroll of blinking, it crumbles to dust.
The hell hog breathes fire at you.
The fireball explodes!
The fireball engulfs you!
You die...

#.##.####....#
#....§..# ####h##hh§
##..§# #.### .
.#...h## .. .# .
#..#.h##...###. .
§##. ##.#..#. .
###..####h.. .#..
#.@##.h..#....X## .
#.###..###.###...#.
#.. #...##.. #...
....#...#..#... .##
..##.. #h....#....
#.
...#..#.#..#######.#
## #.. ......## ##
#. .# .# . . .h


You could see a hell hog.

Vanquished Creatures
  A deep elf master archer (Elf:3)
  Kirke (Lair:4)
  Agnes (Snake:4)
  A greater naga (Snake:3)
  3 vault wardens (Vaults:1)
  3 deep elf sorcerers
  Louise (Shoals:4)
  2 deep elf elementalists (Elf:3)
  An ironheart preserver (Vaults:1)
  3 deep elf annihilators (Elf:3)
  7 merfolk javelineers
  2 deep elf death magi (Elf:1)
  2 vault guards (Vaults:1)
  Harold (D:12)
  11 merfolk impalers
  A rakshasa (Vaults:2)
  A great orb of eyes (Vaults:2)
  5 naga warriors
  10 hydras
  Erolcha (Orc:2)
  2 merfolk avatars (Shoals:4)
  2 centaur warriors
  2 alligator snapping turtles
  4 anacondas
  A satyr (Shoals:4)
  21 dancing weapons
  An ogre mage (Vaults:1)
  2 merfolk aquamancers (Shoals:4)
  A deep troll shaman (Lair:8)
  9 death yaks
  7 naga sharpshooters
  A tengu warrior (D:13)
  5 shock serpents
  30 deep elf knights
  14 sea snakes
  3 unseen horrors
  7 skeletal warriors
  17 deep elf archers
  10 hill giants
  3 naga ritualists
  A phantasmal warrior (Vaults:2)
  12 harpies
  3 ironbrand convokers (Vaults:1)
  A wolf spider (Vaults:1)
  7 mana vipers
  A wolf spider zombie (D:15)
  7 manticores
  2 orc knights
  62 deep elf magi
  7 fauns
  10 orc sorcerers (Orc:2)
  A hornet (Vaults:2)
  17 griffons
  23 ugly things
  3 elephants (Lair:8)
  5 cyclopes
  10 sirens
  3 guardian serpents
  A molten gargoyle (Volcano)
  Maurice (D:10)
  5 salamanders
  2 vault sentinels (Vaults:1)
  A smoke demon (Abyss:1)
  40 black mambas
  14 naga magi
  13 spiny frogs
  5 water nymphs
  A spiny frog (shapeshifter) (Elf:2)
  A torpor snail (Lair:4)
  12 komodo dragons
  A freezing wraith (Vaults:1)
  6 kobold demonologists
  9 yaktaurs (Vaults:1)
  A yaktaur (shapeshifter) (D:15)
  A redback zombie (D:12)
  A harpy zombie (Abyss:1)
  2 spriggan druids (Lair:7)
  43 merfolk
  A queen bee (D:12)
  2 polar bears
  4 trolls
  5 two-headed ogres
  A queen bee (shapeshifter) (Elf:3)
  4 wind drakes
  A raiju (Abyss:2)
  3 slime creatures
  18 blink frogs
  A boulder beetle (Vaults:2)
  16 snapping turtles
  2 small abominations
  A vampire (D:14)
  4 spriggans
  5 air elementals
  9 water elementals
  4 wyverns
  58 yaks
  4 wraiths
  2 fire elementals
  2 hogs (Lair:5)
  A steam dragon (D:10)
  2 basilisks
  13 hippogriffs
  16 vampire mosquitoes
  A neqoxec (Abyss:1)
  A warg (Orc:2)
  2 mottled dragons
  38 nagas
  22 water moccasins
  5 sky beasts
  18 orc warriors
  19 porcupines
  11 ice beasts
  3 black bears
  A necrophage (D:10)
  2 eyes of draining
  A wasp (Lair:7)
  14 wolves
  23 ogres
  24 centaurs
  7 crocodiles
  4 big kobolds
  26 giant frogs
  2 wyvern zombies
  2 earth elementals (Elf:1)
  A water moccasin zombie (D:3)
  A wyvern skeleton (D:12)
  29 killer bees
  A scorpion (D:13)
  22 wights
  An electric eel (Lair:4)
  14 crimson imps
  2 centaur zombies
  2 lava snakes (Volcano)
  A quasit (D:11)
  2 giant frog zombies
  6 hounds
  3 jellies
  A wasp zombie (D:10)
  43 orc wizards
  4 centaur skeletons
  21 orc priests
  12 iguanas
  11 worker ants
  Natasha (thrice) (D:3)
  A boulder beetle simulacrum (Vaults:2)
  43 sheep
  2 hound zombies
  2 hound skeletons
  A worker ant zombie (D:9)
  7 gnolls
  19 adders
  27 river rats
  6 shadow imps
  An ufetubus (Abyss:1)
  An ooze (D:2)
  2 adder skeletons
  4 worms
  3 dart slugs
  5 giant geckos
  118 orcs
  A giant cockroach (D:4)
  6 goblins
  6 hobgoblins
  19 jackals
  6 quokkas
  6 ball pythons
  8 bats
  5 giant newts
  A jackal skeleton (D:4)
  23 kobolds
  A quokka zombie (D:5)
  6 rats
  3 butterflies (D:5)
  A fungus (Lair:6)
  A lurking horror (Abyss:2)
  2 plants
1457 creatures vanquished.

Vanquished Creatures (others)
  A deep elf blademaster (Elf:3)
  Frances (Elf:1)
  2 deep elf master archers (Elf:3)
  5 deep elf sorcerers (Elf:3)
  A vault warden (Vaults:1)
  8 deep elf elementalists (Elf:3)
  2 very ugly things (Vaults:2)
  A stone giant (Vaults:2)
  A salamander stormcaller (D:13)
  A red draconian (Volcano)
  5 deep elf annihilators (Elf:3)
  5 deep elf demonologists (Elf:3)
  Azrael (D:13)
  A merfolk impaler (Shoals:3)
  A minotaur (Lab)
  5 deep elf death magi (Elf:3)
  3 vault guards (Vaults:1)
  3 yaktaur captains
  2 fire dragons (Vaults:1)
  3 deep elf high priests (Elf:3)
  2 naga warriors (Snake:1)
  A great orb of eyes (Vaults:1)
  An ogre mage (Vaults:2)
  3 hydras
  A death knight (Vaults:2)
  A centaur warrior (D:13)
  A catoblepas (Lair:8)
  17 dancing weapons
  The ghost of dobroeutro the Protected, a journeyman GrFi of Okawaru (D:10)
  3 death yaks (Lair:8)
  An orc high priest (Orc:1)
  11 deep elf knights
  2 skeletal warriors (Vaults:2)
  A slime creature (D:13)
  An unseen horror (Vaults:1)
  A flayed ghost (Vaults:1)
  A sea snake (Shoals:3)
  An unseen horror (shapeshifter) (Vaults:2)
  5 hill giants
  7 deep elf archers
  A lindwurm (Lair:7)
  3 ironbrand convokers (Vaults:1)
  19 deep elf magi
  2 orc sorcerers
  6 ugly things (Vaults:1)
  2 fauns (Shoals:2)
  A salamander (Snake:1)
  A manticore (Shoals:1)
  A griffon (Vaults:1)
  2 cyclopes
  A siren (Lair:4)
  9 elephants
  A naga mage (Snake:1)
  A molten gargoyle (Volcano)
  2 vault sentinels (Vaults:2)
  A smoke demon (Abyss:2)
  A spiny frog (Lair:7)
  The ghost of epen the Slasher, a novice FoAK of Lugonu (D:6)
  A kobold demonologist (Vaults:2)
  3 yaktaurs (Vaults:1)
  2 efreet (D:13)
  A spriggan druid (Lair:7)
  A polar bear (Lair:8)
  A merfolk (Shoals:3)
  2 boulder beetles (Lair:7)
  10 spriggans (Lair:7)
  3 air elementals
  3 water elementals
  A fire elemental (D:13)
  A hog (Lair:5)
  A human (Lair:4)
  A spatial vortex (Elf:3)
  A naga (Snake:1)
  A vampire mosquito (Vaults:1)
  3 water moccasins
  3 hell hounds (D:13)
  2 porcupines
  A black bear (Lair:8)
  A phantom (D:5)
  3 wolves (Lair:7)
  2 wasps (Lair:7)
  3 ogres
  A big kobold (Vaults:1)
  A crocodile (Lair:7)
  3 giant frogs (Lair:7)
  3 earth elementals
  A yaktaur simulacrum (Vaults:1)
  An iguana (D:13)
  An orc wizard (Orc:2)
  An adder (Lair:5)
  A white imp (Abyss:2)
  An ufetubus (IceCv)
  2 orcs (D:13)
  A kobold (D:13)
  2 crawling corpses (Elf:3)
  21 fungi
  10 plants
  70 spectral weapons
  35 starspawn tentacles
  190 starspawn tentacle segments
565 creatures vanquished.

Grand Total: 2022 creatures vanquished

Notes
Turn   | Place    | Note
--------------------------------------------------------------
     0 | Abyss:1  | epen the Draconian Abyssal Knight began the quest for the Orb.
     0 | Abyss:1  | Reached XP level 1. HP: 19/19 MP: 2/2
    15 | D:1      | Escaped the Abyss
   451 | D:1      | Reached XP level 2. HP: 23/26 MP: 3/3
   915 | D:1      | Reached ** piety under Lugonu
  1018 | D:2      | Reached XP level 3. HP: 12/31 MP: 3/5
  1411 | D:2      | Found a faded altar to an unknown god.
  2059 | D:2      | Reached XP level 4. HP: 40/40 MP: 6/6
  2608 | D:3      | Found a sparkling altar of Nemelex Xobeh.
  2805 | D:3      | Reached XP level 5. HP: 39/46 MP: 7/7
  2885 | D:3      | Found a radiant altar of Vehumet.
  2885 | D:3      | Found an ancient bone altar of Kikubaaqudgha.
  2886 | D:3      | Found a deep blue altar of Sif Muna.
  2892 | D:3      | Identified Kikubaaqudgha's Almanac of Sinister Rites
  2914 | D:3      | Found a sparkling altar of Nemelex Xobeh.
  2941 | D:3      | Noticed Natasha
  2953 | D:3      | Killed Natasha
  2956 | D:3      | Reached *** piety under Lugonu
  3162 | D:3      | Noticed Natasha
  3169 | D:3      | Killed Natasha
  3228 | D:3      | Noticed Natasha
  3240 | D:3      | Killed Natasha
  3702 | D:4      | Noticed an ogre
  3746 | D:3      | Reached XP level 6. HP: 39/52 MP: 9/9
  4869 | D:4      | Reached skill level 5 in Invocations
  4869 | D:4      | Your scales start taking on a glossy black colour.
  4869 | D:4      | Reached XP level 7. HP: 16/60 MP: 10/10
  4869 | D:4      | Gained mutation: You are resistant to electric shocks. [Black Draconian growth]
  5371 | D:5      | Entered Level 5 of the Dungeon
  5379 | D:5      | Found a sacrificial altar of Ru.
  5883 | D:4      | Reached skill level 5 in Long Blades
  6096 | D:5      | Found a shimmering altar of Xom.
  6482 | D:5      | Reached skill level 5 in Fighting
  6678 | D:5      | Reached XP level 8. HP: 68/68 MP: 12/12
  7207 | D:5      | Reached **** piety under Lugonu
  7564 | D:5      | Found a basalt altar of Yredelemnul.
  7569 | D:5      | Found an iron altar of Okawaru.
  7569 | D:5      | Found a bloodstained altar of Trog.
  7573 | D:5      | Found an oddly glowing altar of Pakellas.
  7580 | D:5      | Found a staircase to the Ecumenical Temple.
  7975 | D:6      | Noticed epen's ghost (novice FoAK)
  7975 | D:6      | Banished epen's ghost
  8300 | D:6      | Reached XP level 9. HP: 75/75 MP: 14/14
  8641 | D:6      | Found a shadowy altar of Dithmenos.
  8816 | D:7      | Noticed Joseph
  8819 | D:7      | Banished Joseph
  9002 | D:7      | Found a white marble altar of Elyvilon.
  9006 | D:7      | Found a glowing silver altar of Zin.
  9007 | D:7      | Found a glowing golden altar of the Shining One.
  9100 | D:7      | Reached skill level 5 in Dodging
  9105 | D:7      | Gained mutation: You have supernaturally acute eyesight. [mutagenic meat]
  9106 | D:7      | Gained mutation: You have large cloven feet. [mutagenic meat]
  9107 | D:7      | Gained mutation: Your system is resistant to poisons. [mutagenic meat]
  9108 | D:7      | Gained mutation: Your natural rate of healing is unusually fast. [mutagenic meat]
  9109 | D:7      | Gained mutation: You are weak. (Str -2) [mutagenic meat]
  9233 | D:7      | Found a glowing golden altar of the Shining One.
  9956 | D:8      | Noticed Psyche
  9970 | D:8      | Banished Psyche
 10151 | D:8      | Found a stormy altar of Qazlal.
 10602 | D:8      | Reached XP level 10. HP: 81/86 MP: 17/17
 11285 | D:9      | Reached skill level 10 in Invocations
 11866 | D:9      | Found a roughly hewn altar of Beogh.
 11940 | D:9      | Reached ***** piety under Lugonu
 12096 | D:10     | Entered Level 10 of the Dungeon
 12442 | D:10     | Reached skill level 10 in Long Blades
 12454 | D:10     | Found a staircase to the Orcish Mines.
 12830 | D:10     | Noticed dobroeutro's ghost (journeyman GrFi)
 12872 | D:10     | Banished dobroeutro's ghost
 13000 | D:10     | Reached XP level 11. HP: 86/93 MP: 19/19
 13056 | D:10     | Noticed a hill giant
 13069 | D:10     | Noticed Maurice
 13069 | D:10     | Banished a hill giant
 13086 | D:10     | Killed Maurice
 13377 | D:11     | Found Ascho's Antique Armour Emporium.
 13432 | D:11     | Found Jayg's Distillery.
 13545 | D:11     | Found Xiacir's Food Emporium.
 13547 | D:11     | Noticed a hill giant
 13548 | D:11     | Banished a hill giant
 13565 | D:11     | Found Guttes's Assorted Antiques.
 13571 | D:11     | Bought a scroll labeled OCYLIA ALOUKUOTU for 25 gold pieces
 13571 | D:11     | Bought a scroll labeled JIALLU USOHELU for 25 gold pieces
 13571 | D:11     | Bought a fuming puce potion for 22 gold pieces
 13703 | D:11     | Noticed Nergalle
 13703 | D:11     | Banished Nergalle
 14243 | D:11     | Noticed a four-headed hydra
 14244 | D:11     | Banished a four-headed hydra
 14360 | D:11     | Found a staircase to the Lair.
 14415 | Lair:1   | Entered Level 1 of the Lair of Beasts
 14678 | Lair:1   | Noticed a griffon
 14710 | Lair:1   | Killed a griffon
 15123 | Lair:1   | Found a shimmering altar of Xom.
 15123 | Lair:1   | Noticed an oklob plant
 15304 | Lair:1   | Noticed Erica
 15314 | Lair:1   | Banished Erica
 15849 | Lair:2   | Noticed Sonja
 15850 | Lair:2   | Banished Sonja
 16260 | Lair:2   | Reached XP level 12. HP: 100/104 MP: 21/21
 17387 | Lair:3   | Noticed a five-headed hydra
 17388 | Lair:3   | Corrupted Lair:3
 17388 | Lair:3   | Noticed a starcursed mass
 17388 | Lair:3   | Noticed a starcursed mass
 17389 | Lair:3   | Noticed a tentacled starspawn
 17389 | Lair:3   | Noticed a deep elf sorcerer
 17393 | Lair:3   | Killed a five-headed hydra
 17402 | Lair:3   | Noticed a tentacled starspawn
 18148 | Lair:4   | Found a dark tunnel.
 18160 | Volcano  | Entered a volcano
 18505 | Volcano  | Found a bloodstained altar of Trog.
 18505 | Volcano  | Noticed a red draconian
 18510 | Volcano  | Banished a red draconian
 19060 | Lair:4   | Reached skill level 10 in Fighting
 19235 | Lair:4   | Found a staircase to the Shoals.
 19400 | Lair:4   | Identified the Handbook of Toxins and Dark Secrets
 19457 | Lair:4   | Found a bloodstained altar of Trog.
 19927 | Lair:4   | Reached XP level 13. HP: 114/114 MP: 23/23
 20661 | Lair:5   | Noticed Maud
 20666 | Lair:5   | Banished Maud
 21004 | Lair:5   | Noticed Kirke
 21214 | Lair:5   | Gained mutation: Your large and strong wings let you fly indefinitely. [Black Draconian growth]
 21214 | Lair:5   | Reached XP level 14. HP: 124/124 MP: 24/24
 21245 | Lair:5   | Corrupted Lair:5
 21245 | Lair:5   | Noticed a lich
 21245 | Lair:5   | Noticed a starcursed mass
 21245 | Lair:5   | Noticed a starcursed mass
 21245 | Lair:5   | Noticed an ancient lich
 21421 | Lair:5   | Noticed a brown very ugly thing
 21587 | Lair:5   | Noticed a lich
 21684 | Lair:5   | Found a staircase to the Snake Pit.
 21973 | Lair:5   | Gained mutation: You are agile. (Dex +2) [potion of beneficial mutation]
 22398 | Lair:6   | Found a viscous altar of Jiyva.
 22399 | Lair:6   | Found a staircase to the Slime Pits.
 22879 | Lair:6   | Reached skill level 10 in Dodging
 23927 | Lair:7   | Corrupted Lair:7
 23927 | Lair:7   | Noticed a starcursed mass
 23927 | Lair:7   | Noticed a lich
 23927 | Lair:7   | Noticed a cyan very ugly thing
 23939 | Lair:7   | Noticed a starcursed mass
 24837 | Lair:8   | Entered Level 8 of the Lair of Beasts
 25239 | Lair:8   | Corrupted Lair:8
 25239 | Lair:8   | Noticed a tentacled starspawn
 25568 | Lair:8   | Reached skill level 15 in Invocations
 25674 | Lair:8   | Got a polished quarterstaff
 25675 | Lair:8   | Identified the +4 quarterstaff of the Genius {pain, Fragile MP+9 Str-3 Dex+6} (You found it on level 8 of the Lair of Beasts)
 26807 | Lair:8   | Reached XP level 15. HP: 117/132 MP: 26/26
 27627 | D:12     | Found a shimmering altar of Xom.
 27768 | D:12     | Learned a level 3 spell: Regeneration
 27911 | Lair:4   | Killed Kirke
 27911 | Lair:4   | Reached skill level 1 in Charms
 27960 | Lair:4   | Learned a level 2 spell: Blink
 27962 | Lair:4   | Learned a level 1 spell: Apportation
 28207 | D:12     | Noticed Harold
 28219 | D:12     | Killed Harold
 28318 | D:12     | Found a sparkling altar of Nemelex Xobeh.
 29207 | Orc:1    | Entered Level 1 of the Orcish Mines
 29422 | D:10     | Reached skill level 1 in Translocations
 29992 | Orc:2    | Entered Level 2 of the Orcish Mines
 29992 | Orc:2    | Found a staircase to the Elven Halls.
 30626 | Orc:2    | Found Liawkar's Gadget Emporium.
 30686 | Orc:2    | Paralysed by an orc sorcerer for 6 turns
 30891 | Orc:2    | Found an ancient bone altar of Kikubaaqudgha.
 31174 | Orc:2    | Noticed Erolcha
 31178 | Orc:2    | Found Unulumu's Distillery.
 31203 | Orc:2    | Killed Erolcha
 31203 | Orc:2    | Reached ****** piety under Lugonu
 31217 | Orc:2    | Paralysed by an orc sorcerer for 5 turns
 31415 | Orc:2    | Found a radiant altar of Vehumet.
 31421 | Orc:2    | Paralysed by an orc sorcerer for 3 turns
 31658 | Orc:2    | Found a roughly hewn altar of Beogh.
 31658 | Orc:2    | Found Satzemm's Antique Armour Emporium.
 31713 | Orc:2    | Found Nocwitoy's Book Shoppe.
 31772 | Orc:2    | Bought a potion of beneficial mutation for 595 gold pieces
 31772 | Orc:2    | Bought a potion of heal wounds for 85 gold pieces
 31772 | Orc:2    | Bought a potion of curing for 51 gold pieces
 31772 | Orc:2    | Gained mutation: You possess an exceptional clarity of mind. [potion of beneficial mutation]
 32240 | D:13     | Found a frozen archway.
 32316 | IceCv    | Entered an ice cave
 32356 | D:13     | Found a labyrinth entrance.
 32361 | Lab      | Entered a labyrinth
 32594 | Lab      | Identified the Grimoire of Intoxication and Combat Magic (You found it in a labyrinth)
 32795 | D:13     | Corrupted D:13
 32795 | D:13     | Noticed a lich
 32818 | D:13     | Killed Azrael
 33029 | D:13     | Found a gate to the Vaults.
 33618 | D:13     | Reached skill level 15 in Long Blades
 34706 | D:14     | Reached skill level 5 in Charms
 35473 | D:14     | Reached XP level 16. HP: 141/141 MP: 27/27
 35729 | D:14     | Identified a scroll of acquirement
 35732 | D:14     | Got a pair of fine boots
 35744 | D:14     | Identified the +0 pair of boots of Integrity {+Inv rPois} (You acquired it on level 14 of the Dungeon)
 35813 | D:15     | Entered Level 15 of the Dungeon
 36191 | D:15     | Found a staircase to the Depths.
 36833 | D:15     | Found a shadowy altar of Dithmenos.
 37419 | Shoals:1 | Entered Level 1 of the Shoals
 38357 | Shoals:1 | Reached skill level 1 in Spellcasting
 38895 | Shoals:1 | Identified a +0 rod of inaccuracy (11/11) (You found it on level 1 of the Shoals)
 39271 | Elf:1    | Entered Level 1 of the Elven Halls
 40126 | Elf:3    | Entered Level 3 of the Elven Halls
 40126 | Elf:3    | Found Launky's Gadget Shop.
 40718 | Elf:1    | Learned a level 4 spell: Passage of Golubria
 40979 | Elf:1    | Reached skill level 5 in Translocations
 41222 | Elf:1    | Noticed Frances
 41225 | Elf:1    | Corrupted Elf:1
 41232 | Elf:1    | Killed Frances
 41285 | Elf:1    | Noticed a bone dragon
 41294 | Elf:1    | Noticed a bone dragon
 42484 | Elf:1    | Reached XP level 17. HP: 72/150 MP: 29/29
 43444 | Elf:1    | Got a distressingly furry buckler
 43446 | Elf:1    | Identified the +1 buckler "Mianem" {rPois Int+7} (You acquired it on level 1 of the Elven Halls)
 45968 | Orc:2    | Bought a book of the Sky for 910 gold pieces
 45974 | Orc:2    | Learned a level 5 spell: Silence
 45981 | Orc:2    | Learned a level 6 spell: Deflect Missiles
 46688 | Shoals:2 | Reached skill level 1 in Air Magic
 47438 | Shoals:3 | Learned a level 3 spell: Spectral Weapon
 47696 | Shoals:3 | Found Ischeside's Antique Armour Shop.
 47710 | Shoals:3 | Bought a pair of ichor-stained gloves for 275 gold pieces
 47720 | Shoals:3 | Identified the +2 pair of gloves "Foaherphu" {+Fly Int+4 Stlth-} (You bought it in a shop on level 3 of the Shoals)
 47914 | Shoals:3 | Found Peicoam's Assorted Antiques.
 47922 | Shoals:3 | Bought 2 fuming white potions for 57 gold pieces
 48049 | Shoals:3 | Found Cigod's Book Shoppe.
 48398 | Shoals:3 | Found Waoggoxi's Antique Armour Emporium.
 49141 | Elf:2    | Reached skill level 5 in Spellcasting
 49674 | Abyss:1  | Lost mutation: You have supernaturally acute eyesight. [a neqoxec]
 49709 | Elf:2    | Escaped the Abyss
 50011 | Elf:2    | Found a portal to a secret trove of treasure.
 50413 | Snake:1  | Entered Level 1 of the Snake Pit
 50757 | Snake:1  | Reached skill level 5 in Air Magic
 51575 | Snake:1  | Reached XP level 18. HP: 134/159 MP: 28/30
 52263 | Snake:1  | Corrupted Snake:1
 53522 | D:11     | Bought 2 potions of haste for 280 gold pieces
 53613 | Orc:2    | Bought a potion of haste for 170 gold pieces
 53921 | Elf:2    | You paid a toll of 6 potions of haste to enter a treasure trove
 53922 | Trove    | Entered a treasure trove
 53924 | Trove    | Found an oddly glowing altar of Pakellas.
 53969 | Trove    | Identified a +2 rod of shadows (10/10) (You found it in a treasure trove)
 54296 | Elf:2    | Found a runed gate.
 54298 | Elf:2    | Found a runed gate.
 54299 | Elf:2    | Found a runed gate.
 54308 | Elf:2    | Corrupted Elf:2
 55536 | Snake:2  | Noticed Vashnia
 55537 | Snake:2  | Reached skill level 1 in Evocations
 56094 | Snake:3  | Found Timeecir's Armour Emporium.
 56788 | Snake:2  | Upgraded the game from 0.18-a0-1788-g92de1ac to 0.18-a0-1789-gbeff17f
 57357 | Snake:4  | Entered Level 4 of the Snake Pit
 57424 | Snake:4  | Noticed Agnes
 57437 | Snake:4  | Killed Agnes
 57976 | Shoals:3 | Reached skill level 10 in Charms
 58028 | Shoals:4 | Entered Level 4 of the Shoals
 58093 | Shoals:4 | Noticed Louise
 59357 | Shoals:4 | Killed Louise
 60100 | Shoals:4 | Got a coiled jade ring
 60216 | Shoals:4 | Reached XP level 19. HP: 168/168 MP: 28/31
 60375 | Shoals:4 | Identified the ring of Grace {+Fly rN+} (You took it off a merfolk on level 4 of the Shoals)
 60586 | Shoals:4 | Got a barnacled rune of Zot
 61203 | Shoals:4 | Noticed Ilsuiw
 61959 | Vaults:1 | Entered Level 1 of the Vaults
 62160 | Vaults:1 | Identified a +4 quick blade of distortion (a +2 quick blade of holy wrath corrupted by Lugonu)
 62160 | Vaults:1 | Received a gift from Lugonu
 62699 | Vaults:1 | Reached skill level 10 in Air Magic
 63353 | Vaults:1 | Gained mutation: You passively map a small area around you. [potion of beneficial mutation]
 63421 | Vaults:1 | Reached skill level 15 in Dodging
 66051 | Elf:3    | Corrupted Elf:3
 66126 | Elf:3    | Reached skill level 5 in Evocations
 66238 | Elf:3    | Cast into level 2 of the Abyss (a deep elf demonologist)
 66258 | Elf:3    | Escaped the Abyss
 66337 | Elf:3    | Noticed Asterion
 66965 | Elf:3    | Banished Asterion
 67641 | Elf:3    | Cast into level 2 of the Abyss (a deep elf sorcerer)
 67706 | Elf:3    | Escaped the Abyss
 68202 | Elf:3    | Got a steaming golden ring
 68416 | Elf:3    | Reached XP level 20. HP: 164/177 MP: 32/32
 68691 | Elf:3    | Identified the ring of Nanojups {Wiz rC++ Int+4 SInv} (You took it off a deep elf mage on level 3 of the Elven Halls)
 68710 | Elf:3    | Got a ring of the Octopus King
 68711 | Elf:3    | Identified a ring of the Octopus King {SustAt AC+1 EV+1 Str+1 Int+1 Dex+1} (You found it on level 3 of the Elven Halls)
 68756 | Elf:3    | Identified the Compendium of the Assistive Birds (You found it on level 3 of the Elven Halls)
 68764 | Elf:3    | Learned a level 6 spell: Haste
 68789 | Elf:3    | Identified Mosoirog's Incunabulum of Frigorific Intoxication
 68819 | Elf:3    | Identified Veomp's Handbook of Calling and Dislocation
 68822 | Elf:3    | Identified Sif Muna's Guide on Mutagenic Earth
 68831 | Elf:3    | Learned a level 1 spell: Summon Butterflies
 68843 | Elf:3    | Identified the Disquisition on Cold
 69328 | Elf:1    | Reached skill level 15 in Fighting
 69619 | Shoals:4 | Learned a level 6 spell: Conjure Ball Lightning
 70086 | Vaults:1 | Reached skill level 1 in Conjurations
 70173 | Vaults:2 | Noticed Jorgrun
 70788 | Vaults:2 | Found a staircase to the Crypt.
 71051 | Vaults:2 | Banished Jorgrun
 71819 | Vaults:2 | Reached skill level 10 in Translocations
 72213 | Vaults:2 | Cast into level 2 of the Abyss (a deep elf demonologist)
 72246 | Abyss:2  | Gained mutation: You have a pair of small horns on your head. [potion of beneficial mutation]
 72402 | Abyss:2  | HP: 7/178 [hell hog/fireball (39)]
 72403 | Abyss:2  | Killed from afar by a hell hog

Vault maps used:
D:1:      elethiomel_arrival_infinity_welcomes_careful_drivers,
          item_on_display_b
D:2:      ecumenical_altar_2
D:3:      grunt_temple_overflow_magic_moments,
          nemelex_xobeh_ov_fountains_minmay, first_bread, grunt_ministairs_3,
          nemelex_lonely_heart_becter, uniq_natasha
D:5:      grunt_temple_overflow_open, lemuel_doored_altar,
          minmay_temple_entry_butterflies, guppyfry_early_lair_pool
D:6:      kennysheep_small_spiral, grunt_dithmenos_shadows
D:7:      good_gods_temple_1, tso_altar, uniq_joseph
D:8:      nicolae_qazlal_general_emergency, uniq_psyche
D:9:      special_room
D:10:     hiddenorc2_lemuel, uniq_maurice
D:11:     lair_0_dummy, serial_shops, nicolae_shop_overgrown_old_shop, shop,
          shop, nicolae_shop_waterfront, the_bakery, uniq_nergalle
D:12:     basic_altar, special_room, lemuel_centaur_altar, uniq_harold
D:13:     erik_vaults_1, lab_entry_generic, portal_ice_cave_entry_ice_beasts,
          minmay_misc_feat_tiny, lightli_corner_chamber, uniq_azrael
D:15:     grunt_enter_depths_giant_problem, nrook_pool_corridor, basic_altar
Lair:1:   st_stairs_9, lemuel_oklob_altar, grunt_megastairs_3, uniq_erica
Lair:2:   uniq_sonja
Lair:4:   elwin_shoals_entry_rooms, enter_volcano_1, basic_altar,
          fungi_pond_lemuel
Lair:5:   minmay_snake_entry_six_corridors, st_stairs_5, uniq_kirke, uniq_maud
Lair:6:   slime_altar_1, lemuel_fruit_fields
Lair:7:   forest_paths, forest_entry_grove
Lair:8:   grunt_lair_end_beastmaster
Shoals:3: serial_shops, nicolae_shop_waterfront, shop, shop,
          nicolae_shoals_c_island
Shoals:4: shoals_end_simple, shoals_ilsuiw_ice, uniq_ilsuiw, uniq_louise
Snake:2:  st_stairs_3, serial_bayou_crossing, grunt_megastairs_5, uniq_vashnia,
          uniq_donald, uniq_aizul
Snake:3:  serial_shops, shop
Snake:4:  snake_pit, grunt_ministairs_2, uniq_agnes
Orc:1:    nicolae_orc_rockfall
Orc:2:    kennysheep_orc_mage_school
Elf:1:    eino_elf_arrival_sip, minmay_elf_crystal_heptagon, grunt_megastairs_2,
          uniq_frances
Elf:2:    trove_entry_hex_spiral, corner_web_ring, onia_ninara_cookie
Elf:3:    minmay_elf_hall_four_x, serial_shops, shop, uniq_asterion
Vaults:1: vaults_room_semicircle, hangedman_vaults_stream, v_misc_15,
          nicolae_vaults_windows_and_doors_thing, nicolae_vaults_circle_grid_b,
          hangedman_vaults_stagger, hangedman_vaults_maws,
          hangedman_vaults_stretched_pinwheel, ontoclasm_vaults_idyll,
          ontoclasm_vaults_twist, vaults_room_corners, nicolae_vaults_asterisk
Vaults:2: minmay_crypt_entry_simple_sparse, ontoclasm_vaults_ring_square,
          v_misc_27, v_misc_9, nicolae_vaults_stairing_the_circle,
          nicolae_vaults_circle_grid_b, nicolae_vaults_what_the_h,
          dpeg_vaults_monster_row, ontoclasm_vaults_gateway,
          nicolae_vaults_twisting_passages, nicolae_vaults_diagonal_hallway_8,
          nicolae_vaults_little_squares_4, ontoclasm_vaults_loading_screen,
          vaults_room_semicircle, uniq_jorgrun
Abyss:1:  small_statue_intersection
Abyss:2:  bh_abyss_exit_spiral, evilmike_abyss_exit_3
Abyss:3:  kb_abyss_rune_zappy
Lab:      labyrinth_green, nicolae_lab_plus
Trove:    trove_misc_throne_room
IceCv:    ice_cave_small_demon
Volcano:  volcano_lake

Skill      XL: |  1  2  3  4  5  6  7  8  9 10 11 12 13 14 15 16 17 18 19 20 |
---------------+-------------------------------------------------------------+-----
Invocations    | 3 4 5 6 7 9 10 12 13 14 15 16 | 16.2
Long Blades    | 3 4 5 7 8 10 11 12 13 14 15 16 | 16.1
Fighting       | 4 5 6 7 8 9 10 11 12 13 14 15 | 15.1
Dodging        | 3 4 5 6 7 8 9 11 12 13 14 15 | 15.3
Shields        | 2 3 |  3.3
Charms         | 5 7 9 10 11 | 11.2
Translocations | 3 6 7 9 10 | 10.0
Spellcasting   | 3 5 6 7 8 |  8.1
Air Magic      | 5 9 11 | 11.8
Evocations     | 2 6 |  6.8
Conjurations   | 2 |  2.9

Action                   |  1- 3 |  4- 6 |  7- 9 | 10-12 | 13-15 | 16-18 | 19-21 || total
-------------------------+-------+-------+-------+-------+-------+-------+-------++-------
Melee: Falchion          |   117 |   211 |   297 |    63 |       |       |       ||   688
       Tailslap          |    11 |    17 |    86 |   143 |   282 |   463 |   419 ||  1421
       Dagger            |       |       |   325 |       |       |       |       ||   325
       Kick              |       |       |    41 |   180 |       |       |       ||   221
       Scimitar          |       |       |       |   834 |       |       |       ||   834
       Great sword       |       |       |       |    90 |  1772 |  1746 |       ||  3608
       Long sword        |       |       |       |       |       |   632 |   262 ||   894
       Quick blade       |       |       |       |       |       |    18 |  1804 ||  1822
       Headbutt          |       |       |       |       |       |       |     8 ||     8
Throw: Throwing net      |       |       |       |       |       |     3 |       ||     3
 Cast: Regeneration      |       |       |       |       |       |    73 |    33 ||   106
       Apportation       |       |       |       |       |       |     7 |     5 ||    12
       Blink             |       |       |       |       |       |     6 |       ||     6
       Passage of Golubr |       |       |       |       |       |     3 |       ||     3
       Spectral Weapon   |       |       |       |       |       |   102 |    85 ||   187
       Deflect Missiles  |       |       |       |       |       |     2 |     3 ||     5
       Silence           |       |       |       |       |       |       |     6 ||     6
       Summon Butterflie |       |       |       |       |       |       |     1 ||     1
Invok: Banish            |       |     1 |     5 |    18 |    20 |    20 |     5 ||    69
       Corrupt           |       |       |       |     1 |     4 |     3 |     1 ||     9
       Bend Space        |       |       |       |       |     5 |    13 |     5 ||    23
       Depart the Abyss  |       |       |       |       |       |     1 |       ||     1
       Enter the Abyss   |       |       |       |       |       |     1 |       ||     1
       Brand Weapon With |       |       |       |       |       |       |     1 ||     1
 Abil: Breathe Lightning |       |       |    13 |    31 |    13 |     2 |       ||    59
       Fly               |       |       |       |       |     1 |       |       ||     1
       Evoke Berserk Rag |       |       |       |       |       |     2 |       ||     2
Evoke: Wand              |       |       |       |     1 |       |     6 |    11 ||    18
       Rod               |       |       |       |       |       |     1 |       ||     1
       Box of beasts     |       |       |       |       |       |     1 |       ||     1
  Use: Scroll            |       |     8 |     7 |    14 |     9 |    18 |     8 ||    64
       Potion            |       |       |       |     2 |     4 |    14 |     3 ||    23
 Stab: Sleeping          |     1 |       |       |       |     3 |     1 |       ||     5
       Distracted        |       |       |       |     1 |     1 |    15 |    11 ||    28
       Confused          |       |       |       |       |     1 |       |       ||     1
       Invisible         |       |       |       |       |       |     4 |       ||     4
       Held in net/web   |       |       |       |       |       |     1 |       ||     1
  Eat: Bread ration      |     1 |       |       |       |       |       |       ||     1
       Chunk             |       |     5 |    26 |    30 |    43 |    36 |    17 ||   157
       Meat ration       |       |     1 |       |     1 |       |     7 |     4 ||    13
       Fruit             |       |       |     1 |       |       |     5 |     7 ||    13
       Royal jelly       |       |       |       |     2 |     8 |    11 |       ||    21
       Pizza             |       |       |       |     1 |     4 |       |     1 ||     6
       Beef jerky        |       |       |       |       |       |     8 |     2 ||    10
Armor: Skin              |    60 |    79 |   127 |   160 |   294 |   345 |   169 ||  1234
Dodge: Dodged            |   114 |   155 |   450 |   891 |  2072 |  2268 |   942 ||  6892
       Deflected         |       |       |       |       |       |    17 |    47 ||    64
Block: Buckler           |       |       |       |       |       |   181 |   521 ||   702
       Reflection        |       |       |       |       |       |       |    64 ||    64
